Dungeon Sprint DCSS version 0.17-a0-1718-g72dbe4d (webtiles) character file.

14000000 ztt the Intangible (level 27, -121/245 (249) HPs) Began as a Vampire Gladiator on Aug 25, 2015. Was the Champion of Makhleb. Annihilated by a fleshlord ... wielding a +9 great mace (365 damage) ... in the Dungeon (Sprint VIII: "Arena of Blood"). The game lasted 00:04:19 (140 turns). ztt the Intangible (Vampire Gladiator) Turns: 140, Time: 00:04:20 HP: -121/245 (249)AC: 8 Str: 23 XL: 27 MP: 48/54 EV: 32 Int: 12 God: Makhleb [******] Gold: 0 SH: 0 Dex: 17 Spells: 0 memorised, 80 levels left rFire . . . SeeInvis + l - +∞ Axe of Woe rCold . . . Clarity . b - +0 leather armour rNeg + . . SustAt . (no shield) rPois . Gourm . c - +0 helmet rElec . Spirit . (no cloak) rCorr . Warding . (no gloves) rMut . NoTele + (no boots) MR ++... (no amulet) Stlth ++++++++++ (no ring) (no ring) @: lethally poisoned (-121 -> -124), slowed, very slow, very resistant to hostile enchantments, uncannily stealthy A: fangs 3, see invisible, unbreathing a: Bat Form, Minor Destruction, Lesser Servant of Makhleb, Major Destruction, Greater Servant of Makhleb, Renounce Religion You were in the Dungeon. You worshipped Makhleb. Makhleb was exalted by your worship. You were not thirsty. You visited 1 branch

Inventory:

Hand weapons
 a - a +0 war axe
 l - the +∞ Axe of Woe (weapon)
   (You found it in the Dungeon)
Missiles
 d - 3 throwing nets (quivered)
Armour
 b - a +0 leather armour (worn)
 c - a +0 helmet (worn)
Jewellery
 m - an uncursed ring of see invisible
Scrolls
 k - a scroll of blinking
Potions
 e - a potion of blood
 f - a potion of curing
 g - a potion of heal wounds
 h - a potion of haste
 i - 2 potions of magic
 j - a potion of berserk rage


   Skills:
 O Level 27 Fighting
 O Level 27 Axes
 O Level 27 Throwing
 O Level 27 Armour
 O Level 27 Dodging
 O Level 27 Stealth
 O Level 27 Unarmed Combat
 O Level 27 Spellcasting
 O Level 27 Invocations


You had 80 spell levels left.
You didn't know any spells.

Dungeon Overview and Level Annotations

Branches:
Dungeon (1/1)

Altars:
Makhleb


Innate Abilities, Weirdness & Mutations

You have razor-sharp teeth.
You have supernaturally acute eyesight.
You can survive without breathing.


Message History

You barely resist.
You hear a shout! x5
Unknown command.
Unknown command.
You chop the fleshlord into pieces!!!
You dissect the fleshlord like a pig carcass.
You kill the fleshlord!
Makhleb accepts your kill.
You feel better.
You feel sick.
You hear a shout! x9
Unknown command.
Unknown command.
You slash the fleshlord!
You butcher the fleshlord messily.
You kill the fleshlord!
Makhleb accepts your kill.
You feel better.
You feel sick.
You hear a shout! x10
The fleshlord hits you with a +9 great mace!!!!!!
Ouch! That really hurt!
You die...

.......)........#
.#......%..))......#.
#.#........)))...##..
.#M..p.#....).).#....
............)...#..%#
.....##.#...))...... .##
..................
.....####))).#)))..####.
#...M)@p.)))†)))....#.
####......)...)).......
####...............#
#################


You could see an accursed and a fleshlord.

Vanquished Creatures
  4 hell knights (D)
  7 hell beasts (D)
  6 greater mummies (D)
  7 great orbs of eyes (D)
  A wraith (D)
  Harold (D)
  14 vampire knights (D)
  31 ogres (D)
  7 liches (D)
  3 hydras (D)
  62 orcs (D)
  2 phantoms (D)
  7 hill giants (D)
  5 skeletal warriors (D)
  5 sea snakes (D)
  6 large abominations (D)
  5 small abominations (D)
  7 crawling corpses (D)
180 creatures vanquished.

Vanquished Creatures (others)
  An orc (D)
  A crawling corpse (D)
2 creatures vanquished.

Grand Total: 182 creatures vanquished

Notes
Turn   | Place    | Note
--------------------------------------------------------------
     0 | D        | ztt the Vampire Gladiator began the quest for the Orb.
     0 | D        | Reached XP level 1. HP: 16/16 MP: 1/1
     3 | D        | Noticed a meat berserker
     4 | D        | Became a worshipper of Makhleb the Destroyer
     5 | D        | Noticed a bag of meat
     5 | D        | Noticed a bag of meat
     5 | D        | Noticed a bag of meat
     6 | D        | Noticed a bag of meat
     6 | D        | Killed a meat berserker
     6 | D        | Reached skill level 14 in Fighting
     6 | D        | Reached skill level 18 in Axes
     6 | D        | Reached skill level 20 in Dodging
     6 | D        | Reached XP level 2. HP: 19/43 MP: 2/2
     6 | D        | Reached XP level 3. HP: 21/49 MP: 3/3
     6 | D        | Reached XP level 4. HP: 24/56 MP: 4/4
     6 | D        | Reached XP level 5. HP: 26/62 MP: 5/5
     6 | D        | Reached XP level 6. HP: 28/69 MP: 6/6
     6 | D        | Reached XP level 7. HP: 30/75 MP: 7/7
     6 | D        | Reached XP level 8. HP: 32/82 MP: 8/8
     6 | D        | Reached XP level 9. HP: 34/88 MP: 9/9
     6 | D        | Reached XP level 10. HP: 36/95 MP: 10/10
     6 | D        | Reached XP level 11. HP: 38/101 MP: 11/11
     6 | D        | Reached XP level 12. HP: 40/108 MP: 12/12
     6 | D        | Reached XP level 13. HP: 42/114 MP: 13/13
     7 | D        | Noticed a bag of meat
     7 | D        | Noticed a meat berserker
     7 | D        | Noticed a bag of meat
     8 | D        | Killed a meat berserker
     8 | D        | Acquired Makhleb's first power
     8 | D        | Reached skill level 23 in Dodging
     8 | D        | Reached XP level 14. HP: 44/126 MP: 14/14
     9 | D        | Noticed a bag of meat
     9 | D        | Noticed a bag of meat
     9 | D        | Killed a bag of meat
     9 | D        | Reached skill level 24 in Dodging
    10 | D        | Killed a bag of meat
    10 | D        | Acquired Makhleb's second power
    10 | D        | Reached skill level 25 in Dodging
    10 | D        | Reached XP level 15. HP: 47/137 MP: 15/15
    10 | D        | Killed a bag of meat
    10 | D        | Reached skill level 26 in Dodging
    11 | D        | Noticed a bag of meat
    11 | D        | Noticed a bag of meat
    12 | D        | Noticed a bag of meat
    12 | D        | Killed a bag of meat
    12 | D        | Acquired Makhleb's third power
    12 | D        | Reached skill level 27 in Dodging
    13 | D        | Killed a bag of meat
    13 | D        | Reached XP level 16. HP: 128/152 MP: 16/16
    15 | D        | Killed a bag of meat
    15 | D        | Killed a bag of meat
    15 | D        | Acquired Makhleb's fourth power
    15 | D        | Reached skill level 27 in Axes
    15 | D        | Reached skill level 15 in Throwing
    16 | D        | Noticed a meat berserker
    17 | D        | Killed a bag of meat
    17 | D        | Reached XP level 17. HP: 165/171 MP: 17/17
    17 | D        | Killed a bag of meat
    17 | D        | Reached skill level 27 in Fighting
    19 | D        | Noticed a meat berserker
    20 | D        | Noticed a bag of meat
    21 | D        | Noticed a bag of meat
    21 | D        | Noticed a meat berserker
    22 | D        | Noticed a large bag of meat
    22 | D        | Killed a meat berserker
    22 | D        | Acquired Makhleb's fifth power
    23 | D        | Noticed a meat berserker
    23 | D        | Noticed a bag of meat
    23 | D        | Noticed a meat berserker
    23 | D        | Noticed a destroyer
    24 | D        | Noticed a bag of meat
    24 | D        | Noticed a meat berserker
    24 | D        | Noticed a bag of meat
    24 | D        | Killed a bag of meat
    24 | D        | Reached XP level 18. HP: 182/182 MP: 18/18
    25 | D        | Noticed a meat berserker
    25 | D        | Noticed a bag of meat
    25 | D        | Killed a destroyer
    25 | D        | Reached skill level 27 in Throwing
    25 | D        | Killed a meat berserker
    25 | D        | Reached skill level 10 in Unarmed Combat
    25 | D        | Reached XP level 19. HP: 189/189 MP: 18/31
    26 | D        | Noticed a bag of meat
    26 | D        | Noticed a meat berserker
    26 | D        | Killed a bag of meat
    26 | D        | Reached skill level 10 in Spellcasting
    26 | D        | Reached skill level 10 in Invocations
    27 | D        | Noticed a bag of meat
    28 | D        | Killed a large bag of meat
    29 | D        | Noticed a bag of meat
    29 | D        | Noticed a bag of meat
    29 | D        | Killed a meat berserker
    30 | D        | Noticed a bag of meat
    30 | D        | Killed a meat berserker
    30 | D        | Reached skill level 15 in Armour
    30 | D        | Reached XP level 20. HP: 197/197 MP: 18/40
    30 | D        | Killed a meat berserker
    30 | D        | Reached skill level 27 in Stealth
    31 | D        | Noticed a bag of meat
    31 | D        | Noticed a meat berserker
    31 | D        | Killed a bag of meat
    31 | D        | Noticed The Servant
    32 | D        | Noticed a bag of meat
    32 | D        | Killed a meat berserker
    32 | D        | Reached XP level 21. HP: 199/204 MP: 19/45
    32 | D        | Killed a meat berserker
    33 | D        | Noticed a destroyer
    33 | D        | Noticed a destroyer
    33 | D        | Killed a meat berserker
    34 | D        | Killed a bag of meat
    34 | D        | Reached skill level 27 in Unarmed Combat
    36 | D        | Killed a bag of meat
    36 | D        | Reached XP level 22. HP: 212/212 MP: 20/50
    36 | D        | Killed a bag of meat
    36 | D        | Killed a bag of meat
    36 | D        | Noticed a large bag of meat
    37 | D        | Noticed a bag of meat
    37 | D        | Killed a bag of meat
    38 | D        | Killed a meat berserker
    38 | D        | Reached skill level 27 in Armour
    38 | D        | Reached skill level 27 in Spellcasting
    38 | D        | Reached skill level 27 in Invocations
    38 | D        | Killed a bag of meat
    38 | D        | Killed a bag of meat
    38 | D        | Reached XP level 23. HP: 219/219 MP: 20/54
    39 | D        | Noticed a destroyer
    39 | D        | Killed a bag of meat
    39 | D        | Killed a bag of meat
    39 | D        | Killed a bag of meat
    39 | D        | Killed a bag of meat
    40 | D        | Noticed a bag of meat
    40 | D        | Noticed a bag of meat
    40 | D        | Killed a destroyer
    41 | D        | Noticed a destroyer
    41 | D        | Noticed a bag of meat
    42 | D        | Noticed a sculptor of flesh
    42 | D        | Noticed a sculptor of flesh
    42 | D        | Killed a destroyer
    42 | D        | Reached XP level 24. HP: 72/227 MP: 21/54
    42 | D        | Killed a destroyer
    42 | D        | HP: 7/227 [The Servant/+9 glaive of flaming (13)]
    43 | D        | Noticed a sculptor of flesh
    43 | D        | Noticed a bag of meat
    43 | D        | Killed a bag of meat
    44 | D        | Noticed a meat berserker
    44 | D        | Noticed a destroyer
    45 | D        | Noticed a sculptor of flesh
    45 | D        | Killed a bag of meat
    46 | D        | Noticed a destroyer
    46 | D        | Killed a sculptor of flesh
    46 | D        | Killed a destroyer
    46 | D        | Reached XP level 25. HP: 193/234 MP: 22/54
    47 | D        | Noticed a bag of meat
    47 | D        | Killed a large bag of meat
    48 | D        | Noticed a bag of meat
    48 | D        | Noticed a meat berserker
    48 | D        | Noticed a bag of meat
    48 | D        | Noticed a tyrant
    48 | D        | Killed a bag of meat
    49 | D        | Noticed a meat berserker
    49 | D        | Noticed a bag of meat
    49 | D        | Killed a bag of meat
    49 | D        | Killed a sculptor of flesh
    50 | D        | Noticed a bag of meat
    50 | D        | Noticed a bag of meat
    50 | D        | HP: 11/234 [The Servant/+9 glaive of flaming (2)]
    51 | D        | Noticed an accursed
    51 | D        | Killed The Servant
    51 | D        | Killed a bag of meat
    51 | D        | Killed a sculptor of flesh
    51 | D        | Reached XP level 26. HP: 141/242 MP: 24/54
    52 | D        | Noticed a bag of meat
    52 | D        | Noticed a bag of meat
    52 | D        | Noticed a destroyer
    52 | D        | Noticed a bag of meat
    52 | D        | Noticed a tyrant
    53 | D        | Noticed a meat berserker
    53 | D        | Noticed an accursed
    53 | D        | Killed a meat berserker
    54 | D        | Noticed a large bag of meat
    54 | D        | Noticed a bag of meat
    54 | D        | Noticed a bag of meat
    54 | D        | Killed an accursed
    55 | D        | Noticed a meat berserker
    55 | D        | Killed a meat berserker
    55 | D        | Killed a bag of meat
    55 | D        | Reached XP level 27. HP: 249/249 MP: 25/54
    56 | D        | Noticed a bag of meat
    56 | D        | Noticed an accursed
    56 | D        | Killed a destroyer
    56 | D        | Killed a bag of meat
    57 | D        | Killed a meat berserker
    57 | D        | Killed a destroyer
    57 | D        | Killed a meat berserker
    57 | D        | Killed a bag of meat
    57 | D        | Killed a tyrant
    58 | D        | Noticed a bag of meat
    58 | D        | Noticed a bag of meat
    58 | D        | Killed a sculptor of flesh
    59 | D        | Noticed a meat berserker
    59 | D        | Killed a bag of meat
    59 | D        | Killed a destroyer
    60 | D        | Noticed a bag of meat
    60 | D        | Killed a bag of meat
    60 | D        | Killed a tyrant
    60 | D        | Killed a bag of meat
    61 | D        | Noticed a destroyer
    61 | D        | Killed a meat berserker
    61 | D        | Killed a bag of meat
    62 | D        | Killed a bag of meat
    62 | D        | Killed a bag of meat
    63 | D        | Killed a large bag of meat
    63 | D        | Killed an accursed
    64 | D        | Noticed a meat berserker
    64 | D        | Noticed a destroyer
    64 | D        | Noticed a bag of meat
    65 | D        | Noticed a destroyer
    66 | D        | Noticed a meat berserker
    66 | D        | Noticed a tyrant
    67 | D        | Noticed a large bag of meat
    67 | D        | Killed a bag of meat
    67 | D        | Killed a bag of meat
    67 | D        | Killed a meat berserker
    68 | D        | Noticed a dread
    68 | D        | Noticed a meat berserker
    69 | D        | Noticed a meat beast
    69 | D        | Noticed a bag of meat
    69 | D        | Killed a bag of meat
    69 | D        | Killed a bag of meat
    70 | D        | Noticed a sculptor of flesh
    70 | D        | Killed a bag of meat
    71 | D        | Noticed a meat berserker
    71 | D        | Killed a meat berserker
    71 | D        | Killed a meat beast
    71 | D        | Killed a destroyer
    73 | D        | Noticed a meat berserker
    73 | D        | Killed a destroyer
    74 | D        | Killed a bag of meat
    74 | D        | Killed a meat berserker
    74 | D        | Killed a tyrant
    75 | D        | Noticed a destroyer
    75 | D        | Noticed a meat berserker
    75 | D        | Noticed a bag of meat
    77 | D        | Noticed a destroyer
    77 | D        | Killed a destroyer
    78 | D        | Noticed a tyrant
    78 | D        | Noticed a meat berserker
    78 | D        | Killed a bag of meat
    78 | D        | Killed a meat berserker
    79 | D        | Noticed a tyrant
    79 | D        | Noticed a large bag of meat
    80 | D        | Killed a meat berserker
    80 | D        | Killed a bag of meat
    81 | D        | Noticed a meat beast
    81 | D        | Noticed a meat berserker
    81 | D        | Killed a meat berserker
    81 | D        | Killed a large bag of meat
    82 | D        | Killed a meat berserker
    82 | D        | Killed a meat beast
    83 | D        | Noticed a meat berserker
    83 | D        | Killed an accursed
    83 | D        | Killed a destroyer
    84 | D        | Noticed a meat berserker
    84 | D        | Killed a meat berserker
    85 | D        | Noticed a meat berserker
    85 | D        | Killed a meat berserker
    85 | D        | Killed a bag of meat
    86 | D        | Killed a dread
    86 | D        | Killed a destroyer
    86 | D        | Killed a sculptor of flesh
    87 | D        | Noticed a meat beast
    87 | D        | Noticed a bag of meat
    87 | D        | Noticed a bag of meat
    88 | D        | Noticed a meat beast
    88 | D        | Noticed a bag of meat
    88 | D        | Noticed a large bag of meat
    88 | D        | Killed a tyrant
    89 | D        | Noticed a bag of meat
    89 | D        | Noticed a bag of meat
    91 | D        | Killed a meat berserker
    92 | D        | Noticed an observer
    92 | D        | Killed a meat berserker
    93 | D        | Killed a tyrant
    93 | D        | Killed a meat berserker
    94 | D        | Killed a meat beast
    94 | D        | Killed a meat beast
    96 | D        | Killed a large bag of meat
    97 | D        | Noticed a bag of meat
    98 | D        | Noticed a tyrant
    98 | D        | Noticed an observer
   100 | D        | Noticed a bag of meat
   100 | D        | Noticed an observer
   100 | D        | Killed a bag of meat
   100 | D        | Noticed an observer
   102 | D        | Killed a bag of meat
   102 | D        | Killed a large bag of meat
   102 | D        | Killed a bag of meat
   102 | D        | Killed an observer
   103 | D        | Noticed a meat beast
   103 | D        | Noticed a meat beast
   103 | D        | Noticed an observer
   103 | D        | Killed a bag of meat
   103 | D        | Killed a tyrant
   103 | D        | Killed an observer
   104 | D        | Killed a bag of meat
   105 | D        | Noticed a destroyer
   105 | D        | Noticed a meat beast
   105 | D        | Noticed an accursed
   106 | D        | Noticed an accursed
   106 | D        | Killed a meat beast
   106 | D        | Killed a meat beast
   106 | D        | Killed a bag of meat
   106 | D        | Killed an observer
   107 | D        | Noticed an observer
   107 | D        | Noticed an observer
   107 | D        | Noticed a tyrant
   107 | D        | Noticed a meat berserker
   108 | D        | Noticed a wretched soul
   108 | D        | Killed a meat berserker
   108 | D        | Killed a bag of meat
   109 | D        | Noticed an accursed
   109 | D        | Noticed a bag of meat
   109 | D        | Noticed a bag of meat
   109 | D        | Noticed a bag of meat
   109 | D        | Noticed a large bag of meat
   110 | D        | Noticed a meat berserker
   110 | D        | Killed a meat beast
   111 | D        | Noticed a bag of meat
   111 | D        | Killed a destroyer
   112 | D        | Noticed a bag of meat
   113 | D        | Noticed a bag of meat
   113 | D        | Killed an observer
   113 | D        | Killed a large bag of meat
   114 | D        | Noticed a bag of meat
   114 | D        | Killed an observer
   115 | D        | Killed an observer
   115 | D        | Killed a bag of meat
   116 | D        | Noticed a bag of meat
   116 | D        | Noticed a bag of meat
   116 | D        | Noticed a wretched soul
   116 | D        | Killed a meat berserker
   117 | D        | Killed an accursed
   118 | D        | Killed a bag of meat
   119 | D        | Noticed a bag of meat
   119 | D        | Killed a bag of meat
   120 | D        | Killed a wretched soul
   120 | D        | Killed a bag of meat
   120 | D        | Killed an observer
   123 | D        | Killed a tyrant
   123 | D        | Killed an accursed
   124 | D        | Killed a bag of meat
   124 | D        | Killed a bag of meat
   125 | D        | Killed a bag of meat
   127 | D        | Killed an accursed
   127 | D        | Killed a bag of meat
   127 | D        | Killed a bag of meat
   128 | D        | Noticed a meat berserker
   129 | D        | Killed a wretched soul
   130 | D        | Killed a bag of meat
   131 | D        | Noticed an accursed
   131 | D        | Noticed a fleshlord
   132 | D        | Noticed a fleshlord
   133 | D        | Noticed a fleshlord
   133 | D        | Noticed a fleshlord
   134 | D        | Noticed a fleshlord
   134 | D        | Killed a meat berserker
   135 | D        | Killed a fleshlord
   138 | D        | Killed a fleshlord
   139 | D        | Killed a fleshlord
   140 | D        | Killed a fleshlord
   140 | D        | Annihilated by a fleshlord

Vault maps used:
D:        meatsprint

Action                   |  1- 3 |  4- 6 |  7- 9 | 10-12 | 13-15 | 16-18 | 19-21 | 22-24 | 25-27 || total
-------------------------+-------+-------+-------+-------+-------+-------+-------+-------+-------++-------
Melee: Executioner's axe |     1 |       |       |       |     5 |     5 |     9 |     9 |    67 ||    96
